 Dungeon Crawl Stone Soup version 0.27-a0-328-g7f782ed93a (webtiles) character file.

Game seed: 4430357332310189875

49 CurlyBrace the Caller (level 3, 6/16 HPs)
             Began as a Felid Summoner on Feb 7, 2021.
             Quit the game on level 5 of the Dungeon on Feb 11, 2021.
             The game lasted 00:15:04 (750 turns).

CurlyBrace the Caller (Felid Summoner)               Turns: 750, Time: 00:15:04

Health: 6/16       AC:  1    Str:  5      XL:     3   Next: 53%
Magic:  2/6        EV: 17    Int: 16      God:
Gold:   84         SH:  0    Dex: 13 (14) Spells: 3/6 levels left
                                        Lives:  0   Deaths: 1

rFire    . . .     SeeInvis +     - Unarmed
rCold    . . .     Faith    .   (shield unavailable)
rNeg     . . .     Spirit   .   (armour unavailable)
rPois    .         Reflect  .   (helmet unavailable)
rElec    .         Harm     .   (cloak unavailable)
rCorr    .         Rampage  .   (gloves unavailable)
Will     .....                  (boots unavailable)
Stlth    +.........             (no amulet)
HPRegen  0.05/turn              (no ring)
MPRegen  0.10/turn              (no ring)

@: very slow
A: very small, no armour, no weapons or thrown items, stealth, claws 1, fangs 3,
see invisible, blink, clumsy 1, deterioration 1, speed 1, low mp 1, shaggy fur
1, sharp paws
a: Blink


You were on level 5 of the Dungeon.
You visited 1 branch of the dungeon, and saw 6 of its levels.

You collected 84 gold pieces.

Inventory:

Scrolls
 a - a scroll of enchant armour
 d - a scroll of noise
Potions
 w - a potion of heal wounds


   Skills:
 * Level 2.5 Fighting
 - Level 3.0 Dodging
 - Level 3.0 Stealth
 * Level 2.5 Unarmed Combat
 - Level 2.0 Spellcasting
 - Level 4.0 Summonings
 - Level 1.0 Evocations


You had 3 spell levels left.
You knew the following spells:

 Your Spells              Type           Power        Failure   Level
a - Summon Small Mammal   Summ           56%          4%          1
b - Call Imp              Summ           14%          6%          2

Your spell library contained the following spells:

 Spells                   Type           Power        Failure   Level
 Call Canine Familiar     Summ           14%          12%         3
 Summon Guardian Golem    Hex/Summ       8%           26%         3
 Summon Ice Beast         Ice/Summ       8%           65%         4
 Summon Lightning Spire   Summ/Air       8%           65%         4


Dungeon Overview and Level Annotations

Branches:
Dungeon (6/15)
 Temple: D:4-7

Altars:
Sif Muna

Portals:
Sewer: D:5

Annotations:
D:4 Eustachio


Innate Abilities, Weirdness & Mutations

You cannot wear armour.
You are incapable of wielding weapons or throwing items.
Your paws allow you to move quietly. (Stealth)
You have sharp claws.
You have razor-sharp teeth.
You have supernaturally acute eyesight. (SInv)
You cover ground quickly.
You are covered in fur. (AC +1)
Your sharp claws are effective at attacking unaware monsters.
You can translocate small distances at will.
You are clumsy. (Dex -2)
Your body sometimes deteriorates upon taking damage.
Your magical capacity is low. (-10% MP)


Message History

Casting: Call Imp (safe; 6% risk of failure)
Confirm with . or Enter, or press ? or * to list all spells.
You don't have enough magic to cast this spell.
Unknown command.
Casting: Call Imp (safe; 6% risk of failure)
Confirm with . or Enter, or press ? or * to list all spells.
Your white imp hits the scorpion but does no damage.
Your crimson imp blinks!
The scorpion stings your white imp.
Your white imp dies!
Unknown command.
What are your orders? t - Meow!
Orders for allies: a - Attack new target. p - Attack previous target. r - Retreat! s - Stop attacking. g - Guard the area. f - Follow me.
Anything else - Cancel.
Gang up on whom?
Press: ? - help, Dir - move target, f/p - scorpion
Aim: a scorpion (moderately wounded) Attack!
Your quokka barely misses the scorpion.
Unknown command.
Your quokka barely misses the scorpion.
The scorpion stings your quokka.
Your quokka dies!
Your quokka's corpse disappears in a puff of smoke!
Unknown command.
You scratch the scorpion but do no damage.
The scorpion is moderately wounded.
The scorpion stings you!
Ouch! That really hurt!
Unknown command.
Okay, then.
Okay, then.
Your crimson imp blinks!
As you read the scroll labelled GEJARGHEASEI, it crumbles to dust.
The creatures around you are filled with an inner flame!
It was a scroll of immolation.
You enter the shallow water.
Moving in this stuff is going to be slow.
Are you sure you want to abandon this character and quit the game? (Confirm with "yes".)

####.##≈≈#
#≈≈#########.#
#.###≈# #≈≈#
#.....)# #.# #≈#
#≈≈# #.###### #.#
#≈# ##≈# #.# ####.#
#.# #≈## #.# ...#.#
#.# #≈≈###.#
.....###.# #≈≈##s.#
##.#.##..#####≈≈#.##
##.#.........#≈≈@.#
##.############≈..#
#.# #≈..# #.# ##..#
..# #### ###


You could see a scorpion (inner flame).

Vanquished Creatures
  6 adders
  A dart slug (D:1)
  A leopard gecko (D:3)
  A ball python (D:3)
  4 bats
  2 giant cockroaches (D:5)
  2 goblins (D:3)
  2 hobgoblins (D:1)
  13 jackals
  2 frilled lizards (D:2)
  A kobold (D:2)
  3 rats
38 creatures vanquished.

Vanquished Creatures (collateral kills)
  A leopard gecko (D:4)
1 creature vanquished.

Vanquished Creatures (others)
  A plant (D:3)
1 creature vanquished.

Grand Total: 40 creatures vanquished

Notes
Turn   | Place    | Note
-------+----------+-------------------------------------------
     0 | D:1      | CurlyBrace the Felid Summoner began the quest for the Orb.
     0 | D:1      | Reached XP level 1. HP: 7/7 MP: 4/4
    60 | D:2      | Upgraded the game from 0.27-a0-277-g024f7ef292 to
                  | 0.27-a0-328-g7f782ed93a
    63 | D:2      | Reached skill level 1 in Fighting
    63 | D:2      | Reached skill level 1 in Unarmed Combat
    63 | D:2      | Reached XP level 2. HP: 12/12 MP: 6/6
    70 | D:2      | Learned a level 2 spell: Call Imp
   118 | D:2      | Reached XP level 3. HP: 15/15 MP: 7/7
   258 | D:3      | Reached skill level 1 in Evocations
   268 | D:3      | Reached XP level 4. HP: 19/19 MP: 8/8
   289 | D:3      | Gained mutation: You are clumsy. (Dex -2) [potion of
                  | mutation]
   289 | D:3      | Gained mutation: Your magical capacity is low. (-10% MP)
                  | [potion of mutation]
   289 | D:3      | Gained mutation: Your body sometimes deteriorates upon
                  | taking damage. [potion of mutation]
   289 | D:3      | Gained mutation: You can translocate small distances at
                  | will. [potion of mutation]
   306 | D:4      | Noticed an ogre
   320 | D:4      | Noticed Eustachio
   429 | D:5      | Entered Level 5 of the Dungeon
   467 | D:5      | Found a shimmering blue altar of Sif Muna.
   485 | D:5      | Found a glowing drain.
   511 | D:5      | Slain by a leopard gecko
   512 | D:5      | Reached XP level 3. HP: 0/16 MP: 1/6
   570 | D:6      | Noticed a phantom
   709 | D:5      | Noticed a scorpion
   750 | D:5      | Quit the game

Illustrated notes

Levels and vault maps discovered:
D:1:      scummos_arrival_star, layout_basic, minmay_heptomino_l4
D:2:      layout_basic, grunt_dithmenos_smoke, serial_forest,
          infiniplex_forest_clump_small, infiniplex_forest_clump_small,
          infiniplex_forest_end_2, infiniplex_forest_clump_tiny,
          infiniplex_forest_straight_2, infiniplex_forest_clump_curved,
          chequers_ecumenical_altar_simple_redux, minivault_11,
          nemelex_spade_bored_becter
D:3:      corexii_shack_village, layout_rooms
D:4:      layout_cave_pools, minmay_temple_entry_nine_rooms, uniq_eustachio,
          uniq_pikel
D:5:      layout_loops_ring, nzn_wu_jian_contemplation, led_sif_book,
          portal_sewer_entry_f, chequers_serial_rivers_large_b,
          nicolae_ru_the_path_less_chosen
D:6:      layout_loops_corners, lemuel_doored_altar, uniq_grinder

Skill      XL: |  1  2  3 |
---------------+----------+-----
Fighting       | 1 2 |  2.5
Dodging        | 3 |  3.0
Stealth        | 3 |  3.0
Unarmed Combat | 1 2 |  2.5
Evocations     | 1 |  1.0
Spellcasting   | |  2.0
Summonings     | |  4.0

Action                   |  1- 3 |  4- 6 || total
-------------------------+-------+-------++-------
Melee: Unarmed           |    80 |    42 ||   122
       Bite              |     3 |     4 ||     7
 Cast: Call Imp          |     2 |     4 ||     6
       Summon Small Mamm |     1 |     3 ||     4
Evoke: Wand              |     7 |     1 ||     8
  Use: Potion            |     2 |     3 ||     5
       Scroll            |     1 |     3 ||     4
 Stab: Sleeping          |     8 |       ||     8
Armor: Skin              |     8 |     3 ||    11
Dodge: Dodged            |    83 |    41 ||   124

Table legend: (Time is in decaauts)
 A = Elapsed time spent in this place.
 B = Non-inter-level travel time spent in this place.
 C = Inter-level travel time spent in this place.
 D = Time resting spent in this place.
 E = Time spent auto-exploring this place.
 F = Levels seen in this place.
 G = Mean time per level.
                   A        B        C        D        E       F      G
               +--------+--------+--------+--------+--------+-----+--------+
         Total |    651 |    651 |      0 |      0 |      0 |   6 |  108.5 |
       Dungeon |    651 |    651 |      0 |      0 |      0 |   6 |  108.5 |
               +--------+--------+--------+--------+--------+-----+--------+

Top non-repeatable levels by time:
     D:5: 267 daAuts
     D:3: 131 daAuts
     D:2: 130 daAuts
     D:4: 59 daAuts
     D:1: 47 daAuts
     D:6: 15 daAuts
